 Dungeon Crawl Stone Soup version 0.32-a0-818-gb728d0252e (webtiles) character file.

Game seed: 16248733336489423654

7026 shadizar the Geomancer (level 11, 0/68 HPs)
             Began as a Gargoyle Earth Elementalist on Mar 24, 2024.
             Was an Elder of Vehumet.
             Slain by a cane toad (11 damage)
             ... on level 1 of the Lair of Beasts.
             The game lasted 00:13:49 (7633 turns).

shadizar the Geomancer (GrEE)                       Turns: 7633, Time: 00:13:49

Health: 0/68       AC: 13    Str: 11    XL:     11   Next: 8%
Magic:  4/23       EV: 11    Int: 27    God:    Vehumet [****..]
Gold:   534        SH:  0    Dex: 16    Spells: 22/26 levels left

rFire   . . .        G - +8 hand axe of Jassirph {freeze, Will+ Int+6}
rCold   . . .        (no shield)
rNeg    + . .        a - +0 robe
rPois   ∞            q - +2 helmet
rElec   +            (no cloak)
rCorr   +            (no gloves)
SInv    .            (no boots)
Will    +....        g - amulet of magic regeneration
Stlth   ++           e - ring of resist corrosion
HPRegen 0.31/turn    D - +6 ring of dexterity
MPRegen 0.58/turn

%: no passive effects
@: no status effects
A: sickness immunity, AC +8, negative energy resistance 1, electricity
resistance, torment resistance 1, petrification resistance
a: Renounce Religion


You were on level 1 of the Lair of Beasts.
You worshipped Vehumet.
Vehumet was greatly pleased with you.
You visited 3 branches of the dungeon, and saw 10 of its levels.

You collected 534 gold pieces.

Inventory:

Hand Weapons
 G - the +8 hand axe of Jassirph (weapon) {freeze, Will+ Int+6}
   (You found it on level 8 of the Dungeon)

   Int+6:     It affects your intelligence (+6).
   Will+:     It increases your willpower.
Armour
 a - a +0 robe (worn)
 q - a +2 helmet (worn)
 A - an orb of mayhem
Jewellery
 e - a ring of resist corrosion (left hand)
 g - an amulet of magic regeneration (around neck)
 t - a ring of fire
 D - a +6 ring of dexterity (right hand)
 F - a ring of wizardry
 J - a ring of fire
Wands
 i - a wand of charming (14)
 j - a wand of polymorph (24)
 y - a wand of flame (43)
Scrolls
 l - 2 scrolls of vulnerability
 m - 3 scrolls of teleportation
 v - 2 scrolls of revelation
 z - a scroll of enchant armour
 B - a scroll of immolation
Potions
 b - 3 potions of magic
 c - a potion of brilliance
 d - a potion of enlightenment
 f - 2 potions of attraction
 k - 2 potions of invisibility
 n - 2 potions of might {unknown}
 p - 2 potions of haste {unknown}
 r - a potion of ambrosia {unknown}
 u - 2 potions of degeneration {unknown}
 x - a potion of cancellation {unknown}
 E - a potion of berserk rage {unknown}
 H - a potion of mutation {unknown}


   Skills:
 + Level 8.0 Fighting
 - Level 1.5 Dodging
 - Level 2.1 Stealth
 + Level 8.3 Spellcasting
 + Level 9.5 Conjurations
 + Level 11.0 Earth Magic


You had 22 spell levels left.
You knew the following spells:

 Your Spells              Type           Power      Damage    Failure   Level
a - Sandblast             Erth           100%       2d20      1%          1
b - Stone Arrow           Conj/Erth      100%       3d13      1%          3

Your spell library contained the following spells:

 Spells                   Type           Power      Damage    Failure   Level
 Airstrike                Air            5%         2d(1-17)  13%         4
 Sting                    Conj/Alch      100%       1d9       1%          1
 Passwall                 Erth           63%        N/A       1%          3
 Brom's Barrelling Bould  Conj/Erth      61%        2d8       1%          4
 Inner Flame              Hex/Fire       11%        N/A       4%          3
 Apportation              Tloc           22%        N/A       5%          1
 Necrotise                Necr           44%        1d6       5%          1
 Slow                     Hex            44%        N/A       5%          1
 Summon Small Mammal      Summ           44%        N/A       5%          1
 Petrify                  Alch/Erth      40%        N/A       5%          4
 Irradiate                Conj/Alch      18%        3d17      5%          5
 Call Imp                 Summ           22%        N/A       8%          2
 Call Canine Familiar     Summ           11%        N/A       16%         3
 Confusing Touch          Hex            11%        N/A       16%         3
 Vampiric Draining        Necr           11%        2d6       16%         3
 Summon Blazeheart Golem  Fire/Summ      11%        N/A       45%         4
 Summon Hydra             Summ           5%         N/A       100%        7
 Ignition                 Fire           5%         3d4       100%        8
 Sublimation of Blood     Necr           Unusable   N/A       N/A         2

Dungeon Overview and Level Annotations

Branches:
Dungeon (8/15)             Temple (1/1) D:4            Lair (1/5) D:8

Altars:
Ashenzari
Cheibriados
Dithmenos
Elyvilon
Fedhas
Gozag
Hepliaklqana
Kikubaaqudgha
Makhleb
Nemelex Xobeh
Okawaru
Qazlal
Ru
Sif Muna
Uskayaw
Vehumet
Wu Jian
Xom
Yredelemnul
Zin
The Shining One

Shops:
D:2 !   D:7 (

Annotations:
D:6 4 runed translucent doors, Crazy Yiuf; Konar's ghost, novice CoHu


Innate Abilities, Weirdness & Mutations

You are immune to sickness and miasma.
Your stone body is resilient. (AC +8)
You are immune to poison.
You resist negative energy. (rN+)
You are resistant to electric shocks. (rElec)
You are resistant to unholy torment.
You are immune to petrification.


Message History

Unknown command.
Unknown command.
Unknown command.
Unknown command.
Casting: Stone Arrow (safe; 1% risk of failure)
Confirm with . or Enter, or press ? or * to list all spells.
Aiming: Stone Arrow (safe; 1% risk of failure)
Press: ? - help, Shift-Dir - straight line, f/p - yak
Aim: a yak (severely wounded, 87% to hit)
The stone arrow hits the yak!
You kill the yak!
Vehumet accepts your kill.
You feel your power returning.
The blink frog blinks!
Your Fighting skill increases to level 8!
Your Earth Magic skill increases to level 11!
Unknown command.
Unknown command.
Unknown command.
You feel better. The cane toad barely misses you.
Casting: Stone Arrow (safe; 1% risk of failure)
Confirm with . or Enter, or press ? or * to list all spells.
Aiming: Stone Arrow (safe; 1% risk of failure)
Press: ? - help, Shift-Dir - straight line, f - cane toad
Aim: a cane toad (81% to hit)
The stone arrow misses the cane toad.
The blink frog blinks!
The cane toad misses you.
Unknown command.
Unknown command.
Unknown command.
Casting: Stone Arrow (safe; 1% risk of failure)
Confirm with . or Enter, or press ? or * to list all spells.
Aiming: Stone Arrow (safe; 1% risk of failure)
Press: ? - help, Shift-Dir - straight line, f/p - cane toad
Aim: a cane toad (81% to hit)
The stone arrow hits the cane toad!!
The cane toad is heavily wounded.
The cane toad stings you!
* * * LOW HITPOINT WARNING * * *
You feel better. The cane toad stings you!
You die...

#†#### ##†.#.#
#.....##
#.F....###
##§.......## ##
#..##......#####.
#.####.......##..
##FY#
###.......>.
#@### ###.#.....
#.# ##...... ..#
##..... #.##
#..... .. ##....
#.# #.... #.#
##... ##.. #...
#..# ###.


You could see a yak, a cane toad and a blink frog.

Vanquished Creatures
  A boulder beetle (Lair:1)
  2 cane toads (Lair:1)
  Jeremiah (D:6)
  A troll (D:8)
  Grinder (D:3)
  Prince Ribbit (D:5)
  A hornet (Lair:1)
  2 blink frogs (Lair:1)
  Sigmund (D:3)
  3 yaks (Lair:1)
  A steam dragon (D:7)
  3 water moccasins
  Duvessa (D:5)
  An ice beast (D:6)
  5 black bears
  An ogre (D:7)
  4 centaurs
  3 wolves (D:8)
  A kobold brigand (D:8)
  A phantom (D:5)
  Blork the orc (D:5)
  3 bullfrogs (D:8)
  10 wights (D:8)
  Dowan (D:5)
  2 electric eels (D:8)
  4 centaur zombies (D:8)
  3 bombardier beetles
  A jelly (D:5)
  8 hounds
  An orc priest (D:4)
  A gnoll bouda (D:7)
  A sleepcap (D:7)
  An iguana (D:5)
  3 orc wizards
  A mummy (D:8)
  Robin (D:3)
  8 gnolls
  12 adders
  6 white imps
  5 dart slugs
  20 orcs
  4 ball pythons
  7 endoplasms
  4 giant cockroaches
  11 hobgoblins
  6 jackals
  A quokka (D:1)
  4 bats
  3 frilled lizards
  19 goblins
  10 kobolds
  5 rats
202 creatures vanquished.

Notes
Turn   | Place    | Note
-------+----------+-------------------------------------------
     0 | D:1      | shadizar the Gargoyle Earth Elementalist began the quest
                  | for the Orb.
     0 | D:1      | Reached XP level 1. HP: 10/10 MP: 3/3
   185 | D:1      | Reached XP level 2. HP: 15/15 MP: 3/5
   361 | D:1      | Reached skill level 4 in Earth Magic
   527 | D:1      | Reached XP level 3. HP: 19/19 MP: 4/6
  1030 | D:2      | Found a radiant altar of Vehumet.
  1051 | D:2      | Became a worshipper of Vehumet
  1229 | D:2      | Reached XP level 4. HP: 24/24 MP: 5/8
  1279 | D:2      | Found Xisi's Distillery.
  1744 | D:3      | Noticed Grinder
  1748 | D:3      | Paralysed by Grinder for 2 turns
  1757 | D:3      | Paralysed by Grinder for 2 turns
  1764 | D:3      | Killed Grinder
  1765 | D:3      | Reached skill level 5 in Earth Magic
  1765 | D:3      | Reached XP level 5. HP: 18/28 MP: 6/10
  1765 | D:3      | Reached XP level 6. HP: 21/32 MP: 6/11
  1823 | D:3      | Learned a level 3 spell: Stone Arrow
  1827 | D:3      | Noticed Sigmund
  1833 | D:3      | Killed Sigmund
  1834 | D:3      | Reached skill level 6 in Earth Magic
  1834 | D:3      | Reached XP level 7. HP: 36/36 MP: 3/13
  1906 | D:3      | Reached * piety under Vehumet
  1906 | D:3      | Offered knowledge of Foxfire by Vehumet.
  2119 | D:3      | Noticed Robin
  2149 | D:3      | Killed Robin
  2344 | D:4      | Found a staircase to the Ecumenical Temple.
  2364 | Temple   | Entered the Ecumenical Temple
  2382 | D:4      | Offered knowledge of Searing Ray by Vehumet.
  2517 | D:4      | Reached ** piety under Vehumet
  2772 | D:4      | Found a burning altar of Makhleb.
  2778 | D:4      | Reached skill level 5 in Conjurations
  3153 | D:5      | Entered Level 5 of the Dungeon
  3157 | D:5      | Reached skill level 1 in Fighting
  3157 | D:5      | Reached skill level 5 in Spellcasting
  3157 | D:5      | Reached XP level 8. HP: 43/43 MP: 13/15
  3249 | D:5      | Noticed Prince Ribbit
  3254 | D:5      | Killed Prince Ribbit
  3255 | D:5      | Reached skill level 7 in Earth Magic
  3438 | D:5      | Noticed Duvessa
  3442 | D:5      | Noticed Dowan
  3444 | D:5      | Killed Duvessa
  3452 | D:5      | Killed Dowan
  3564 | D:5      | Noticed Blork the orc
  3570 | D:5      | Killed Blork the orc
  3634 | D:5      | Reached skill level 8 in Earth Magic
  3634 | D:5      | Reached XP level 9. HP: 52/52 MP: 17/17
  4136 | D:6      | Noticed Jeremiah
  4186 | D:6      | Killed Jeremiah
  4467 | D:6      | Found a runed translucent gate.
  4467 | D:6      | Found a runed translucent gate.
  4467 | D:6      | Found a runed translucent gate.
  4469 | D:6      | Found an opulent altar of Gozag.
  4473 | D:6      | Noticed Konar's ghost (novice CoHu)
  4473 | D:6      | Noticed a troll
  4485 | D:6      | Noticed a +0 hand axe
  4485 | D:6      | Noticed a +0 hand axe
  4511 | D:6      | Found a hide-covered altar of Uskayaw.
  4618 | D:6      | Identified the +1 mace "Xexunedych" {flame, rF- Int+2
                  | Dex+3}
  4737 | D:6      | Offered knowledge of Mercury Vapours by Vehumet.
  4826 | D:6      | Found a runed translucent door.
  4827 | D:6      | Noticed Crazy Yiuf
  4880 | D:6      | Reached skill level 5 in Fighting
  5117 | D:7      | Reached *** piety under Vehumet
  5191 | D:7      | Reached skill level 9 in Earth Magic
  5515 | D:7      | Found Sasis's Weapon Shoppe.
  5973 | D:8      | Reached XP level 10. HP: 56/60 MP: 20/20
  5985 | D:8      | Identified the +8 hand axe of Jassirph {freeze, Will+
                  | Int+6}
  5994 | D:8      | Offered knowledge of Fulminant Prism by Vehumet.
  6261 | D:8      | Found a staircase to the Lair.
  6517 | D:8      | Found a shadowy altar of Dithmenos.
  6541 | D:8      | Reached skill level 10 in Earth Magic
  6550 | D:8      | Reached **** piety under Vehumet
  7204 | Lair:1   | Entered Level 1 of the Lair of Beasts
  7204 | Lair:1   | Noticed a cane toad
  7208 | Lair:1   | Killed a cane toad
  7208 | Lair:1   | Offered knowledge of Airstrike by Vehumet.
  7333 | Lair:1   | Noticed a cane toad
  7338 | Lair:1   | Killed a cane toad
  7350 | Lair:1   | Found a hide-covered altar of Uskayaw.
  7350 | Lair:1   | Found an ornate altar of the Wu Jian Council.
  7350 | Lair:1   | Noticed a boulder beetle
  7408 | Lair:1   | Killed a boulder beetle
  7608 | Lair:1   | Noticed a cane toad
  7612 | Lair:1   | Reached XP level 11. HP: 42/68 MP: 23/23
  7630 | Lair:1   | Reached skill level 11 in Earth Magic
  7633 | Lair:1   | Slain by a cane toad

Illustrated notes

Levels and vault maps discovered:
D:1:      lightli_iron_boxes, layout_basic
D:2:      layout_basic, serial_shops, shop, basic_altar
D:3:      layout_basic, nicolae_titane, uniq_grinder, uniq_robin, uniq_sigmund
D:4:      layout_gridville, mainiacjoe_overflow_tiny_flanked,
          minmay_temple_entry_glass, dreamdust_princess_corridor,
          dreamdust_princess_bridge
D:5:      layout_basic, uniq_blork_the_orc, uniq_prince_ribbit1, uniq_duvessa
D:6:      layout_loops_cross, dancing_weapons_uskayaw, ebering_ghost_gozag,
          minivault_22, uniq_crazy_yiuf_cottage, uniq_jeremiah
D:7:      layout_loops_corners, serial_shops, nicolae_shop_real_fake_doors
D:8:      layout_loops_corners, mainiacjoe_overflow_alcove_4, erik_lair_island,
          minmay_mini_ossuary
Temple:   eino_narrow_crystal_temple
Lair:1:   layout_cave_pods, ebering_ghost_rock_garden,
          nzn_masters_of_martial_movement

Skill      XL: |  1  2  3  4  5  6  7  8  9 10 11 |
---------------+----------------------------------+-----
Earth Magic    | 4 5 6 8 9 10 11 | 11.0
Conjurations   | 2 3 4 5 6 8 9 |  9.5
Spellcasting   | 3 4 5 7 8 |  8.3
Fighting       | 1 3 5 7 8 |  8.0
Dodging        | |  1.5
Stealth        | |  2.1

Action                     |  1- 3 |  4- 6 |  7- 9 | 10-12 || total
---------------------------+-------+-------+-------+-------++-------
  Melee: Unarmed           |    12 |       |     2 |       ||    14
   Cast: Sandblast         |    51 |    16 |   193 |    87 ||   347
         Stone Arrow       |       |     3 |    17 |    26 ||    46
    Use: Potion            |       |       |     2 |     3 ||     5
         Scroll            |       |       |       |    13 ||    13
 Armour: Robe              |    16 |     1 |    85 |    87 ||   189
  Dodge: Dodged            |    17 |     3 |    70 |    55 ||   145

Table legend: (Time is in decaauts)
 A = Elapsed time spent in this place.
 B = Non-inter-level travel time spent in this place.
 C = Inter-level travel time spent in this place.
 D = Time resting spent in this place.
 E = Time spent auto-exploring this place.
 F = Levels seen in this place.
 G = Mean time per level.
                   A        B        C        D        E       F      G
               +--------+--------+--------+--------+--------+-----+--------+
         Total |   7807 |   7649 |    158 |      0 |   6325 |  10 |  780.7 |
       Dungeon |   7369 |   7212 |    157 |      0 |   5985 |   8 |  921.1 |
        Temple |      1 |      1 |      0 |      0 |      0 |   1 |    1.0 |
          Lair |    436 |    436 |      0 |      0 |    340 |   1 |  436.0 |
               +--------+--------+--------+--------+--------+-----+--------+

Top non-repeatable levels by time:
     D:8: 1389 daAuts
     D:1: 997 daAuts
     D:5: 973 daAuts
     D:6: 962 daAuts
     D:4: 849 daAuts
     D:7: 827 daAuts
     D:2: 770 daAuts
     D:3: 598 daAuts
  Lair:1: 436 daAuts
  Temple: 1 daAuts
